 Dungeon Crawl Stone Soup version 0.26.1-11-gd32895ea62 (webtiles) character file.

Game seed: 12479473461607215245

2285 Zeld the Slicer (level 9, -6/67 (81) HPs)
             Began as an Octopode Brigand on May 14, 2021.
             Shot with an arrow by a centaur (7 damage)
             ... on level 6 of the Dungeon.
             The game lasted 00:11:30 (10075 turns).

Zeld the Slicer (Octopode Brigand)                 Turns: 10075, Time: 00:11:30

HP:   -6/67 (81)    AC:  1    Str: 14    XL:     9   Next: 39%
MP:   28/28         EV: 13    Int: 13    God:
Gold: 20            SH:  0    Dex: 13    Spells: 21/21 levels left

rFire    . . .     SeeInvis .   n - +2 dagger (venom)
rCold    . . .     Faith    .   (no shield)
rNeg     . . .     Spirit   .   (helmet restricted)
rPois    .         Reflect  .   (no amulet)
rElec    .         Harm     .   h - ring of resist corrosion
rCorr    +         Rampage  .   g - ring of magical power
Will     .....                  (no ring)
Stlth    ..........             (no ring)
HPRegen  0.21/turn              (no ring)
MPRegen  0.21/turn              (no ring)
                                (no ring)
                                (no ring)

@: berserking, heavily drained, very quick
A: almost no armour, stealthy swim, amphibious, 8 rings, constrict 8, camouflage
1, gelatinous body 1
a: no special abilities


You were on level 6 of the Dungeon.
You visited 1 branch of the dungeon, and saw 7 of its levels.

You collected 410 gold pieces.
You spent 390 gold pieces at shops.

Inventory:

Hand Weapons
 a - a +2 dagger
 n - a +2 dagger of venom (weapon)
 s - a +2 dagger of flaming
Missiles
 b - 29 poisoned darts (quivered)
 c - 2 curare-tipped darts
Jewellery
 g - a ring of magical power (right tentacle)
 h - a ring of resist corrosion (left tentacle)
Wands
 j - a wand of acid (9)
 p - a wand of disintegration (8)
 r - a wand of paralysis (10)
Scrolls
 d - 5 scrolls of remove curse
 f - 3 scrolls of amnesia
 k - 5 scrolls of teleportation
 l - a scroll of identify
 t - a scroll of enchant weapon
 x - a scroll of fear
Potions
 e - 3 potions of brilliance
 i - 2 potions of degeneration {unknown}
 m - 10 potions of curing
 o - a potion of berserk rage
 q - a potion of resistance {unknown}
 u - 2 potions of invisibility
 v - 2 potions of might
 z - a potion of attraction {unknown}


   Skills:
 - Level 2.0 Fighting
 - Level 10.0 Short Blades
 - Level 2.0 Throwing
 - Level 1.0 Dodging
 - Level 5.3 Stealth
 + Level 6.6 Spellcasting


You had 21 spell levels left.
You didn't know any spells.
Your spell library contained the following spells:

 Spells                   Type           Power        Failure   Level
 Animate Skeleton         Necr           8%           16%         1
 Pain                     Necr           16%          16%         1
 Vampiric Draining        Necr           2%           43%         3
 Animate Dead             Necr           2%           83%         4
 Agony                    Necr           4%           99%         5


Dungeon Overview and Level Annotations

Branches:
Dungeon (7/15)
 Temple: D:4-7

Altars:
Cheibriados
Dithmenos
Hepliaklqana
Makhleb
Nemelex Xobeh
Qazlal
Ru
Sif Muna
Yredelemnul

Shops:
D:4 !


Innate Abilities, Weirdness & Mutations

You cannot wear most types of armour.
You are very stealthy in the water. (Stealth+)
You are amphibious.
You can wear up to eight rings at the same time.
You can use your tentacles to constrict eight enemies at once.
Your skin changes colour to match your surroundings (Stealth+).
Your rubbery body absorbs attacks. (AC +1, EV +1)


Message History

The centaur closely misses you.
You climb upwards.
There is a stone staircase leading down here.
A red film seems to cover your vision as you go berserk!
You feel yourself moving faster!
You feel mighty! The bullfrog hits you!
* * * LOW HITPOINT WARNING * * *
The centaur hits you.
* * * LOW HITPOINT WARNING * * *
The bullfrog hits you.
* * * LOW HITPOINT WARNING * * *
The centaur hits you.
* * * LOW HITPOINT WARNING * * *
You feel a strong urge to attack something.
The centaur barely misses you.
You puncture the bullfrog!
The bullfrog is poisoned.
You grab the bullfrog. You squeeze the bullfrog!
You kill the bullfrog!
The centaur wields a +0 shortbow.
The centaur shoots an arrow.
The arrow hits you!
You die...

#.###.########[####.#######.##.#
#............#.# #.# #.##.#
#..##.######.#.# #.# #.##.#
#).##.######.#.####.# #.##.#
#..##...............# #.##.#
#.....[#####.#.###### #.##.#
###.##>## #.#.# #.##.. ....##[#
#.#.## ######.#### ....##.#
#...@# #......#
.#..##.######..#.# #.######
...............c># #.#
#.#.##.#########.# #.# ...###.#
#.# #.# ##### .#.....# #.# #.##
#...# .......#########.# #..#
#.... ######...........# ##.#
#...# ############# #.# ##.##


You could see a centaur.

Vanquished Creatures
  Menkaure (D:5)
  2 sky beasts (D:6)
  An ogre (D:6)
  2 ice beasts (D:6)
  Blork the orc (D:5)
  4 bullfrogs (D:6)
  A water moccasin zombie (D:6)
  A scorpion (D:5)
  9 wights
  3 howler monkeys (D:4)
  A crimson imp (D:2)
  2 hounds (D:4)
  A jelly (D:6)
  A bullfrog skeleton (D:4)
  A centaur skeleton (D:4)
  3 orc priests
  5 orc wizards
  Ijyb (D:3)
  2 iguanas
  4 worker ants
  A hound skeleton (D:4)
  A shadow imp (D:6)
  10 adders
  2 ufetubi (D:6)
  2 adder skeletons
  5 worms
  6 dart slugs
  4 leopard geckos
  19 orcs
  7 giant cockroaches
  4 goblins
  14 hobgoblins
  13 jackals
  6 kobolds
  2 quokkas (D:6)
  3 ball pythons
  12 bats
  5 frilled lizards
  A leopard gecko skeleton (D:5)
  3 rats
166 creatures vanquished.

Vanquished Creatures (others)
  2 plants (D:7)
2 creatures vanquished.

Grand Total: 168 creatures vanquished

Notes
Turn   | Place    | Note
-------+----------+-------------------------------------------
     0 | D:1      | Zeld the Octopode Brigand began the quest for the Orb.
     0 | D:1      | Reached XP level 1. HP: 14/14 MP: 1/1
   157 | D:1      | Reached XP level 2. HP: 15/19 MP: 2/2
   384 | D:1      | Reached skill level 1 in Spellcasting
   397 | D:1      | Reached skill level 3 in Short Blades
   397 | D:1      | Reached XP level 3. HP: 23/24 MP: 4/4
  1189 | D:2      | Reached XP level 4. HP: 29/29 MP: 6/6
  1431 | D:2      | Found a sparkling altar of Nemelex Xobeh.
  1459 | D:2      | Found a burning altar of Makhleb.
  1467 | D:2      | Reached skill level 4 in Short Blades
  1467 | D:2      | Reached XP level 5. HP: 34/34 MP: 6/8
  1945 | D:2      | Found a sacrificial altar of Ru.
  2268 | D:3      | Noticed Ijyb
  2269 | D:3      | Killed Ijyb
  2433 | D:3      | Found a stormy altar of Qazlal.
  2472 | D:3      | Found a hazy altar of Hepliaklqana.
  2478 | D:3      | Found a shadowy altar of Dithmenos.
  2482 | D:3      | Found a basalt altar of Yredelemnul.
  2894 | D:3      | Reached skill level 5 in Short Blades
  3124 | D:3      | Reached XP level 6. HP: 39/39 MP: 9/9
  3177 | D:3      | Found a shimmering blue altar of Sif Muna.
  3363 | D:4      | Found Ungumaevi's Distillery.
  3372 | D:4      | Bought a potion of curing for 30 gold pieces
  3372 | D:4      | Bought a potion of invisibility for 80 gold pieces
  3372 | D:4      | Bought a potion of might for 40 gold pieces
  3372 | D:4      | Bought a potion of curing for 30 gold pieces
  3372 | D:4      | Bought a potion of curing for 30 gold pieces
  3695 | D:4      | Reached skill level 6 in Short Blades
  3705 | D:4      | Reached XP level 7. HP: 45/45 MP: 10/12
  3738 | D:4      | Found a snail-covered altar of Cheibriados.
  4570 | D:5      | Entered Level 5 of the Dungeon
  4580 | D:5      | Noticed Blork the orc
  4589 | D:5      | Killed Blork the orc
  4814 | D:5      | Noticed Menkaure
  5021 | D:5      | Reached skill level 7 in Short Blades
  5412 | D:5      | Reached XP level 8. HP: 50/50 MP: 14/14
  5544 | D:5      | Killed Menkaure
  5569 | D:5      | Reached skill level 8 in Short Blades
  6273 | D:6      | Reached skill level 5 in Spellcasting
  7188 | D:6      | Reached skill level 9 in Short Blades
  7479 | D:6      | Reached XP level 9. HP: 38/54 MP: 17/17
  8027 | D:4      | Bought 2 potions of berserk rage for 100 gold pieces
  8027 | D:4      | Bought a potion of invisibility for 80 gold pieces
  8355 | D:6      | Reached skill level 10 in Short Blades
 10072 | D:6      | HP: 2/67 [bullfrog (3)]
 10075 | D:6      | Shot with an arrow by a centaur

Illustrated notes

Levels and vault maps discovered:
D:1:      eino_arrival_water_star, layout_basic
D:2:      minmay_general_purpose_star, layout_basic,
          nemelex_xobeh_ov_fountains_minmay, nicolae_overflow_crystal_walls,
          makhleb_grotto_becter
D:3:      layout_basic, overflow_temple_1_default, general_overflow_altar,
          grunt_temple_overflow_open, uniq_ijyb
D:4:      minmay_opposing_rooms, layout_loops_ring, kennysheep_little_box,
          serial_shops, shop
D:5:      layout_basic, minmay_misc_feat_enclosed, uniq_menkaure,
          uniq_blork_the_orc
D:6:      layout_loops_ring, hex_tiny, kennysheep_pointless_box
D:7:      wad_river_or_something, layout_basic, marbit_many_paths,
          minmay_temple_entry_glass, serial_bayou, serial_bayou_crossing,
          serial_bayou_pond_b, serial_bayou_lagoon_a, serial_bayou_pond_a,
          eino_tiny_chamber

Skill      XL: |  1  2  3  4  5  6  7  8  9 |
---------------+----------------------------+-----
Spellcasting   | 1 2 3 4 5 6 |  6.6
Short Blades   | 3 4 5 6 7 9 10 | 10.0
Fighting       | |  2.0
Throwing       | |  2.0
Dodging        | |  1.0
Stealth        | |  5.3

Action                   |  1- 3 |  4- 6 |  7- 9 || total
-------------------------+-------+-------+-------++-------
Melee: Dagger            |    66 |   110 |   273 ||   449
       Constrict         |    18 |    28 |    53 ||    99
       Tentacles         |    15 |    22 |    70 ||   107
Throw: Dart              |       |       |     6 ||     6
  Use: Scroll            |       |       |    10 ||    10
       Potion            |       |       |     1 ||     1
 Stab: Sleeping          |    11 |    19 |    11 ||    41
       Distracted        |       |     1 |     2 ||     3
Armor: Skin              |     4 |    10 |     9 ||    23
Dodge: Dodged            |    38 |    51 |   102 ||   191
